 Dungeon Crawl Stone Soup version 0.21.0-3-g78d12a8 (webtiles) character file.

1582 Mgcat the Cleaver (level 8, -8/67 HPs)
             Began as a Minotaur Berserker on Jan 12, 2018.
             Was a Priest of Trog.
             Mangled by a gnoll
             ... wielding a +0 flail
              (10 damage)
             ... on level 4 of the Dungeon.
             The game lasted 00:10:16 (4839 turns).

Mgcat the Cleaver (Minotaur Berserker)              Turns: 4839, Time: 00:10:18

Health: -8/67      AC:  5    Str: 22    XL:     8   Next: 60%
Magic:  7/7        EV: 12    Int:  4    God:    Trog [***...]
Gold:   173        SH:  0    Dex: 12    Spells: 7/7 levels left

rFire    + . .     SeeInvis +   s - +1 falchion of Jodemas {flame, rF+ SInv} (curse)
rCold    . . .     Gourm    .   (no shield)
rNeg     . . .     Faith    .   n - +0 leather armour
rPois    .         Spirit   .   (helmet restricted)
rElec    .         Reflect  .   (no cloak)
rCorr    .         Harm     .   (no gloves)
MR       .....                  f - +1 pair of boots
Stlth    +.........             (no amulet)
HPRegen  0.21/turn              (no ring)
MPRegen  0.10/turn              (no ring)

@: berserk cooldown, slowed, very slow
A: retaliatory headbutt, horns 2
a: Berserk, Trog's Hand, Burn Spellbooks, Renounce Religion


You were on level 4 of the Dungeon.
You worshipped Trog.
Trog was most pleased with you.
You were very hungry.

You visited 1 branch of the dungeon, and saw 4 of its levels.

You collected 173 gold pieces.

Inventory:

Hand Weapons
 a - a +0 hand axe
 j - a +2 mace of protection
 s - the cursed +1 falchion of Jodemas (weapon) {flame, rF+ SInv}
   (You found it on level 4 of the Dungeon)

   It has been specially enchanted to burn those struck by it, causing extra
   injury to most foes and up to half again as much damage against particularly
   susceptible opponents.
   Big, fiery blades are also staple armaments of hydra-hunters.
   It protects you from fire.
   It lets you see invisible.
   It has a curse placed upon it.
Armour
 b - a +0 animal skin
 f - a +1 pair of boots (worn)
 n - a +0 leather armour (worn)
Scrolls
 d - 2 scrolls of magic mapping {unknown}
 h - 2 scrolls of identify {unknown}
 i - 2 scrolls of teleportation {unknown}
 l - a scroll of fear {unknown}
 m - a scroll of remove curse {unknown}
 p - a scroll of enchant armour {unknown}
 u - 2 scrolls of brand weapon {unknown}
Potions
 e - a potion of might
 g - 2 potions of haste {unknown}
 k - 2 potions of curing {unknown}
 o - a potion of ambrosia {unknown}
 q - a potion of invisibility {unknown}
 r - a potion of lignification {unknown}
Comestibles
 c - 12 rations


   Skills:
 + Level 4.7 Fighting
 + Level 2.7 Long Blades
 - Level 12.1 Axes
 + Level 3.8 Armour
 - Level 2.1 Dodging


You had 7 spell levels left.
You didn't know any spells.

Dungeon Overview and Level Annotations

Branches:
Dungeon (4/15)
 Temple: D:4-7

Altars:
Elyvilon
Makhleb
Nemelex Xobeh
Qazlal
Trog
Vehumet
Wu Jian
Xom
Yredelemnul
Zin

Shops:
D:4 (


Innate Abilities, Weirdness & Mutations

You reflexively headbutt those who attack you in melee.
You have a pair of horns on your head.


Message History

* * * LOW HITPOINT WARNING * * *
All of the chunks of flesh in your inventory have rotted away.
There is an open door here.
You feel the effects of Trog's Hand fading.
The gnoll hits you with a club.
* * * LOW HITPOINT WARNING * * *
You hit the gnoll. You burn the gnoll.
You kill the gnoll!
Trog accepts your kill. The gnoll closely misses you.
You riposte.
You hit the gnoll. You burn the gnoll. Your headbutt misses the gnoll.
The gnoll is moderately wounded.
You completely miss the gnoll. Your headbutt misses the gnoll.
The gnoll is moderately wounded.
Your skin stops crawling.
You feel less resistant to hostile enchantments.
The gnoll hits you.
* * * LOW HITPOINT WARNING * * *
The gnoll hits you with a flail!
You die...

....O.))...#'###≈≈....#
####'###)...#.#.≈≈≈....#
.....#.'.)..#.#.≈≈≈....#
.....#)##g###.#.≈≈≈....#
...g.#(#...g..#.≈≈≈....#
.....'.#....g.#.≈≈≈..P.#
###################)#.≈≈≈....#
.#....#...........#g#.≈≈≈....#
.'....'.........@gg.#.≈≈≈....#
.#....#..........g#)###≈≈....#
##''''#############...#≈≈P...#
....).............#...#≈≈....#
≈≈....≈≈≈≈≈≈≈≈≈≈≈≈#####≈≈....#
≈≈....≈≈≈≈≈≈≈≈≈≈≈≈≈≈≈≈≈≈≈....#
≈≈....≈≈≈≈≈≈≈≈≈≈≈≈≈≈≈≈≈≈≈...P#
....)........................#
..........####################


You could see 4 gnolls.

Vanquished Creatures
  A two-headed ogre (D:4)
  3 ogres (D:4)
  A bullfrog skeleton (D:4)
  A gnoll shaman (D:4)
  An orc wizard (D:4)
  3 worker ants (D:4)
  2 hound skeletons (D:4)
  30 gnolls (D:4)
  A howler monkey skeleton (D:4)
  7 adders
  An ooze (D:1)
  2 worms
  3 dart slugs
  2 leopard geckos
  8 orcs
  2 ball pythons
  7 bats
  6 giant cockroaches
  5 goblins
  8 hobgoblins
  20 jackals
  A quokka (D:3)
  8 frilled lizards
  8 kobolds
  A quokka skeleton (D:4)
  6 rats
138 creatures vanquished.

Notes
Turn   | Place    | Note
-------+----------+-------------------------------------------
     0 | D:1      | Mgcat the Minotaur Berserker began the quest for the Orb.
     0 | D:1      | Reached XP level 1. HP: 19/19 MP: 0/0
    30 | D:1      | Reached skill level 4 in Axes
    93 | D:1      | Reached XP level 2. HP: 26/26 MP: 1/1
   399 | D:1      | Reached skill level 5 in Axes
   525 | D:1      | Reached XP level 3. HP: 31/31 MP: 2/2
   903 | D:2      | Reached ** piety under Trog
  1124 | D:2      | Reached skill level 6 in Axes
  1124 | D:2      | Reached XP level 4. HP: 39/39 MP: 3/3
  1516 | D:2      | Found a shimmering altar of Xom.
  1518 | D:2      | Found a radiant altar of Vehumet.
  1518 | D:2      | Found a burning altar of Makhleb.
  1520 | D:2      | Found a basalt altar of Yredelemnul.
  1520 | D:2      | Found a bloodstained altar of Trog.
  1520 | D:2      | Found a burning altar of Makhleb.
  2085 | D:3      | Found a stormy altar of Qazlal.
  2085 | D:3      | Found an ornate altar of the Wu Jian Council.
  2444 | D:4      | Reached skill level 7 in Axes
  2444 | D:4      | Reached XP level 5. HP: 39/45 MP: 4/4
  2450 | D:4      | Reached *** piety under Trog
  2524 | D:4      | Found Oshuxucy's Weapon Boutique.
  2551 | D:4      | Found a glowing silver altar of Zin.
  2621 | D:4      | Reached skill level 8 in Axes
  2678 | D:4      | Found a white marble altar of Elyvilon.
  2712 | D:4      | Found a sparkling altar of Nemelex Xobeh.
  2743 | D:4      | Got a steaming falchion
  2744 | D:4      | Identified the cursed +1 falchion of Jodemas {flame, rF+ SInv} (You found it on level 4 of the Dungeon)
  3021 | D:4      | Reached XP level 6. HP: 46/51 MP: 5/5
  3206 | D:4      | Noticed a two-headed ogre
  3214 | D:4      | Killed a two-headed ogre
  3214 | D:4      | Reached skill level 11 in Axes
  3214 | D:4      | Reached XP level 7. HP: 17/57 MP: 6/6
  3529 | D:4      | Reached XP level 8. HP: 64/64 MP: 7/7
  3868 | D:4      | Found a basalt altar of Yredelemnul.
  3949 | D:4      | Reached skill level 12 in Axes
  4342 | D:4      | Reached skill level 1 in Long Blades
  4839 | D:4      | HP: 2/67 [gnoll (5)]
  4839 | D:4      | Mangled by a gnoll

Skill      XL: |  1  2  3  4  5  6  7  8 |
---------------+-------------------------+-----
Axes           | 4 5 6 7 8 11 12 | 12.1
Long Blades    | 2 |  2.7
Fighting       | 4 |  4.7
Armour         | 3 |  3.8
Dodging        | |  2.1

Action                   |  1- 3 |  4- 6 |  7- 9 || total
-------------------------+-------+-------+-------++-------
Melee: Hand axe          |    38 |       |       ||    38
       Headbutt          |    10 |    19 |    19 ||    48
       Mace              |    40 |    95 |       ||   135
       Falchion          |       |    51 |    87 ||   138
Invok: Trog's Hand       |       |     1 |     4 ||     5
       Berserk           |       |     1 |     3 ||     4
  Eat: Chunk             |     1 |     7 |     9 ||    17
Armor: Animal skin       |    18 |     9 |       ||    27
       Leather armour    |       |    49 |    20 ||    69
Dodge: Dodged            |    57 |   110 |    56 ||   223
       Rpst.: Falchion   |       |     8 |    12 ||    20
